 Dungeon Crawl Stone Soup version 0.18-a0-596-g6468885 (webtiles) character file.

260 benitares the Changer (level 6, 0/38 HPs)
             Began as an Octopode Transmuter on Dec 3, 2015.
             Slain by a worm (11 damage)
             ... on level 4 of the Dungeon.
             The game lasted 00:05:02 (4065 turns).

benitares the Changer (Octopode Transmuter)         Turns: 4065, Time: 00:05:02

Health: 0/38       AC:  1    Str: 11    XL:     6   Next: 17%
Magic:  7/9        EV: 12    Int: 16    God:
Gold:   187        SH:  0    Dex: 12    Spells: 2 memorised, 6 levels left

rFire  . . .     SeeInvis .       - Unarmed
rCold  . . .     Clarity  .     (no shield)
rNeg   . . .     SustAt   .     (helmet restricted)
rPois  .         Gourm    .     (no amulet)
rElec  .         Spirit   .     (no ring)
rCorr  .         Dismiss  .     (no ring)
rMut   .         Stasis   .     (no ring)
MR     .....                    (no ring)
Stlth  ++........               (no ring)
                                (no ring)
                                (no ring)
                                (no ring)

@: appendage, not resistant to hostile enchantments, unstealthy
A: almost no armour, amphibious, 8 rings, constrict 8, tentacle spike 3,
camouflage 1, gelatinous body 1
a: End Transformation


You were on level 4 of the Dungeon.
You were not hungry.
One of your tentacles had a temporary spike.
You visited 1 branch of the dungeon, and saw 4 of its levels.

You collected 187 gold pieces.

Inventory:

Missiles
 a - 6 arrows
Jewellery
 p - a +3 ring of strength {unknown}
 w - an uncursed ring of ice {unknown}
 x - an uncursed ring of fire {unknown}
Scrolls
 h - a scroll of recharging {unknown}
 j - a scroll of immolation
 l - 2 scrolls of remove curse {unknown}
 n - 3 scrolls of amnesia {unknown}
 o - a scroll of magic mapping {unknown}
 r - 2 scrolls of fog {unknown}
 u - a scroll of identify {unknown}
 v - a scroll of fear {unknown}
Potions
 d - a potion of lignification {unknown}
 e - a potion of mutation {unknown}
 g - a potion of brilliance {unknown}
 i - a potion of invisibility {unknown}
 k - a potion of heal wounds {unknown}
 m - a potion of cancellation {unknown}
 q - a potion of poison {unknown}
 s - a potion of might {unknown}
 t - a potion of cure mutation {unknown}
Books
 b - a book of Changes

   Spells                             Type                      Level
   a - Beastly Appendage              Transmutation                1
   b - Sticks to Snakes               Transmutation                2
   c - Spider Form                    Transmutation/Poison         3
   d - Ice Form                       Ice/Transmutation            4
   e - Blade Hands                    Transmutation                5
Comestibles
 c - 3 bread rations
 f - 3 fruits
 z - 3 chunks of flesh
 A - a meat ration


   Skills:
 - Level 1.0 Fighting
 - Level 2.0 Dodging
 - Level 3.0 Unarmed Combat
 - Level 2.0 Spellcasting
 + Level 6.3 Transmutations


You had 6 spell levels left.
You knew the following spells:

 Your Spells              Type           Power        Failure   Level  Hunger
a - Beastly Appendage     Trmt           ###...       1%          1    #......
b - Sticks to Snakes      Trmt           ###.....     2%          2    ###....


Dungeon Overview and Level Annotations

Branches:
Dungeon (4/15)
 Temple: D:4-7

Altars:

Annotations:
D:2 Sigmund


Innate Abilities, Weirdness & Mutations

You cannot wear most types of armour.
You are amphibious.
You can wear up to eight rings at the same time.
You can use your tentacles to constrict eight enemies at once.
Your skin changes colour to match your surroundings (Stealth).
Your rubbery body absorbs attacks (AC +1).
One of your tentacles bears a large vicious spike.


Message History

You pierce the giant frog skeleton, but do no damage.
You squeeze the giant frog skeleton.
You destroy the giant frog skeleton!
You tentacle-slap the worm. You grab the worm.
You pierce the worm, but do no damage.
The worm is moderately wounded.
You constrict the worm.
Your ball python bites the worm.
You tentacle-slap the worm but do no damage.
You pierce the worm, but do no damage.
The worm is moderately wounded.
You constrict the worm.
Your ball python completely misses the worm.
The worm bites you!
* * * LOW HITPOINT WARNING * * *
Your ball python bites the worm but does no damage.
You swap places.
You release your grip on the worm.
Your ball python closely misses the worm.
Your ball python grabs the worm.
Your ball python constricts the worm.
The worm bites you!
You die...

####.#'##.....##....#.#...##
#.#.##....(##....#.#...##
#.#.#########....#.....##
#####.#............####.#####
#.........##......## #.. #
#..........+.............. +
#.........##..............# #
#.........##Sw..........#.# #
#.........##@†..........#..
#.........##......########.##
#...########......# #... #?..
#........ ##.. #### .........
#. ......... # .........
.......... . .l


You could see a worm and a friendly ball python.

Vanquished Creatures
  A hound (D:4)
  A giant frog skeleton (D:4)
  2 orc wizards
  Natasha (D:2)
  A hound skeleton (D:4)
  5 adders
  2 oozes (D:1)
  2 worms
  2 giant geckos
  4 orcs
  5 bats
  8 hobgoblins
  3 jackals (D:1)
  4 kobolds
  3 giant cockroaches
  2 giant newts
  6 goblins
  2 rats (D:2)
54 creatures vanquished.

Vanquished Creatures (collateral kills)
  An orc (D:4)
1 creature vanquished.

Grand Total: 55 creatures vanquished

Notes
Turn   | Place    | Note
--------------------------------------------------------------
     0 | D:1      | benitares the Octopode Transmuter began the quest for the Orb.
     0 | D:1      | Reached XP level 1. HP: 13/13 MP: 3/3
   133 | D:1      | Reached XP level 2. HP: 5/18 MP: 5/5
   692 | D:1      | Reached XP level 3. HP: 20/23 MP: 6/6
   850 | D:2      | Noticed Sigmund
  1476 | D:2      | Reached skill level 4 in Transmutations
  1964 | D:2      | Reached XP level 4. HP: 23/28 MP: 7/7
  2112 | D:2      | Noticed Natasha
  2122 | D:2      | Killed Natasha
  2314 | D:2      | Learned a level 2 spell: Sticks to Snakes
  2819 | D:3      | Reached skill level 5 in Transmutations
  2819 | D:3      | Reached XP level 5. HP: 33/33 MP: 6/8
  3671 | D:4      | Reached skill level 6 in Transmutations
  3883 | D:4      | Reached XP level 6. HP: 19/38 MP: 6/9
  4065 | D:4      | Slain by a worm

Vault maps used:
D:1:      lemuel_arrival_funnel, minivault_27
D:2:      first_bread, minivault_5, kennysheep_cross_bottleneck, uniq_natasha,
          uniq_sigmund
D:3:      minmay_liquid_box
D:4:      portal_sewer_entry_c, kennysheep_generic_room_15

Action                   |  1- 3 |  4- 6 || total
-------------------------+-------+-------++-------
Melee: Unarmed           |    70 |    69 ||   139
 Cast: Beastly Appendage |     3 |    11 ||    14
       Sticks to Snakes  |       |     5 ||     5
  Use: Potion            |       |     1 ||     1
       Scroll            |       |     1 ||     1
 Stab: Sleeping          |     4 |     3 ||     7
  Eat: Pizza             |     1 |       ||     1
       Chunk             |       |     4 ||     4
       Fruit             |       |     2 ||     2
       Meat ration       |       |     1 ||     1
